 Dungeon Crawl Stone Soup version 0.27-a0-1248-g57ac2eb73c (webtiles) character file.

Game seed: 7326348211922065444

167 Kinoniko the Chopper (level 5, -3/41 HPs)
             Began as a Demonspawn Berserker on June 10, 2021.
             Was a Believer of Trog.
             Slain by an ogre
             ... wielding a +0 giant club
              (19 damage)
             ... on level 3 of the Dungeon.
             The game lasted 00:03:24 (3178 turns).

Kinoniko the Chopper (Demonspawn Berserker)         Turns: 3178, Time: 00:03:25

Health: -3/41      AC:  6    Str: 19    XL:     5   Next: 23%
Magic:  5/5        EV: 12    Int:  8    God:    Trog [**....]
Gold:   124        SH:  0    Dex: 12    Spells: 4/4 levels left

rFire    . . .     SeeInvis .   a - +0 hand axe
rCold    . . .     Faith    .   (no shield)
rNeg     . . .     Spirit   .   m - +0 ring mail {rPois}
rPois    +         Reflect  .   q - +0 helmet
rElec    .         Harm     .   h - scarf {+Inv}
rCorr    .         Rampage  .   (no gloves)
Will     .....                  (no boots)
Stlth    +.........             (no amulet)
HPRegen  0.13/turn              (no ring)
MPRegen  0.09/turn              (no ring)

@: on berserk cooldown
A: ignite blood 1, powered by pain 1, sturdy frame 2
a: Renounce Religion, Evoke Invisibility, Berserk, Trog's Hand


You were on level 3 of the Dungeon.
You worshipped Trog.
Trog was pleased with you.
You visited 1 branch of the dungeon, and saw 3 of its levels.

You collected 124 gold pieces.

Inventory:

Hand Weapons
 a - a +0 hand axe (weapon)
Armour
 g - a +0 chain mail
 h - a scarf of invisibility (worn)
 m - a +0 ring mail of poison resistance (worn)
 q - a +0 helmet (worn)
Wands
 e - a wand of flame (8)
Scrolls
 b - a scroll of magic mapping {unknown}
 c - a scroll of noise {unknown}
 d - a scroll of acquirement {unknown}
 f - a scroll of immolation {unknown}
 j - a scroll of teleportation {unknown}
 n - 2 scrolls of enchant weapon {unknown}
 o - a scroll of blinking {unknown}
 r - 4 scrolls of identify {unknown}
Potions
 i - a potion of curing {unknown}
 k - a potion of haste
 l - a potion of lignification {unknown}
 p - 2 potions of cancellation
 s - a potion of brilliance {unknown}


   Skills:
 - Level 3.0 Fighting
 * Level 5.4 Axes
 - Level 1.7 Armour
 - Level 1.7 Dodging


You had 4 spell levels left.
You didn't know any spells.
Your spell library was empty.

Dungeon Overview and Level Annotations

Branches:
Dungeon (3/15)

Altars:
Ru


Innate Abilities, Weirdness & Mutations

Your demonic aura sometimes causes spilled blood to erupt in flames.
You sometimes gain a little power by taking damage.
Your movements are less encumbered by armour. (ER -4)


Message History

No target in view!
No target in view!
No target in view!
No target in view!
HP restored.
You now have 124 gold pieces (gained 12).
You see here a hobgoblin corpse.
A rat comes into view.
A rat is nearby!
A bat comes into view.
You feel yourself speed up.
You closely miss the bat. The bat hits you but does no damage.
You hit the bat.
The bat is severely wounded.
The bat hits you but does no damage.
You closely miss the rat. The bat hits you but does no damage.
The rat closely misses you.
You hit the rat but do no damage. The bat hits you but does no damage.
The rat bites you but does no damage.
You hit the bat.
You kill the bat!
Trog accepts your kill.
You hit the rat.
You kill the rat!
Trog accepts your kill.
No target in view!
No target in view!
No target in view!
An ogre comes into view. It is wielding a +0 giant club.
The ogre shouts!
An ogre is nearby!
You're still recovering from your berserk rage.
You hit the ogre but do no damage.
The ogre hits you with a +0 giant club!!
Ouch! That really hurt!
You are too injured to fight recklessly!
You're still recovering from your berserk rage.
It was a potion of cancellation.
You feel magically purged.
The ogre hits you with a +0 giant club!!
You die...

##...............<......
#.........#####+####....
#....##...# #.........
##...†##...##########....
#............... #....
#..†##.......... #....
#...##.......... #....
#...##.......... ####.
####...#@O...... #.
#...#°....... #.
#...#........ #.
#...........# #.
#...........# #.
............# #.
........#####. #.
#........# #........#


You could see an ogre.

Vanquished Creatures
  A scorpion (D:3)
  Ijyb (D:3)
  Robin (D:3)
  2 dart slugs (D:2)
  3 ball pythons
  8 bats
  4 endoplasms
  2 giant cockroaches
  12 goblins
  8 hobgoblins
  4 kobolds
  5 quokkas
  3 frilled lizards (D:1)
  4 rats
58 creatures vanquished.

Notes
Turn   | Place    | Note
-------+----------+-------------------------------------------
     0 | D:1      | Kinoniko the Demonspawn Berserker began the quest for the
                  | Orb.
     0 | D:1      | Reached XP level 1. HP: 18/18 MP: 1/1
   210 | D:1      | Reached skill level 3 in Axes
   507 | D:1      | Gained mutation: Your movements are slightly less
                  | encumbered by armour. (ER -2) [demonic ancestry]
   507 | D:1      | Reached XP level 2. HP: 16/24 MP: 2/2
   697 | D:1      | Found a faded altar of an unknown god.
  1691 | D:2      | Gained mutation: Your movements are less encumbered by
                  | armour. (ER -4) [demonic ancestry]
  1691 | D:2      | Reached XP level 3. HP: 28/29 MP: 3/3
  1968 | D:2      | Reached skill level 4 in Axes
  2404 | D:3      | Noticed Robin
  2428 | D:3      | Killed Robin
  2439 | D:3      | Reached ** piety under Trog
  2443 | D:3      | Gained mutation: Your demonic aura sometimes causes spilled
                  | blood to erupt in flames. [demonic ancestry]
  2443 | D:3      | Reached XP level 4. HP: 18/35 MP: 4/4
  2719 | D:3      | Found a sacrificial altar of Ru.
  2769 | D:3      | Noticed Ijyb
  2791 | D:3      | Killed Ijyb
  3136 | D:3      | Noticed a scorpion
  3141 | D:3      | Killed a scorpion
  3142 | D:3      | Reached skill level 5 in Axes
  3142 | D:3      | Gained mutation: You sometimes gain a little power by
                  | taking damage. [demonic ancestry]
  3142 | D:3      | Reached XP level 5. HP: 41/41 MP: 5/5
  3174 | D:3      | Noticed an ogre
  3178 | D:3      | Slain by an ogre

Illustrated notes

Levels and vault maps discovered:
D:1:      onia_arrival_pyramid, layout_rooms,
          hellmonk_ecumenical_altar_pennies_from_heaven
D:2:      layout_loops_ring
D:3:      layout_basic, nicolae_ru_the_path_less_chosen, minmay_ogre_servants,
          uniq_ijyb, uniq_robin

Skill      XL: |  1  2  3  4 |
---------------+-------------+-----
Axes           | 3 4 5 |  5.4
Fighting       | |  3.0
Armour         | |  1.7
Dodging        | |  1.7

Action                   |  1- 3 |  4- 6 || total
-------------------------+-------+-------++-------
Melee: Hand axe          |   145 |    41 ||   186
Invok: Berserk           |     7 |     2 ||     9
  Use: Potion            |     3 |     1 ||     4
Armor: Animal skin       |    27 |       ||    27
       Chain mail        |    30 |       ||    30
       Ring mail         |    18 |    13 ||    31
Dodge: Dodged            |   139 |    18 ||   157

Table legend: (Time is in decaauts)
 A = Elapsed time spent in this place.
 B = Non-inter-level travel time spent in this place.
 C = Inter-level travel time spent in this place.
 D = Time resting spent in this place.
 E = Time spent auto-exploring this place.
 F = Levels seen in this place.
 G = Mean time per level.
                   A        B        C        D        E       F      G
               +--------+--------+--------+--------+--------+-----+--------+
         Total |   3274 |   3063 |    211 |   1307 |   1308 |   3 | 1091.3 |
       Dungeon |   3274 |   3063 |    211 |   1307 |   1308 |   3 | 1091.3 |
               +--------+--------+--------+--------+--------+-----+--------+

Top non-repeatable levels by time:
     D:1: 1544 daAuts
     D:2: 875 daAuts
     D:3: 854 daAuts
